 Dungeon Crawl Stone Soup version 0.18-a0-738-g888b110 (webtiles) character file.

7081 AnCiEnTIStOnEIBeAsT the Nimble (level 11, -18/63 HPs)
             Began as an Octopode Transmuter on Dec 11, 2015.
             Was a Priest of Dithmenos.
             Killed from afar by ordcoder's ghost (40 damage)
             ... with a shard of ice
             ... on level 10 of the Dungeon.
             The game lasted 00:30:44 (10240 turns).

AnCiEnTIStOnEIBeAsT the Nimble (OpTm)              Turns: 10240, Time: 00:30:44

Health: -18/63     AC:  1    Str:  9    XL:     11   Next: 9%
Magic:  22/27      EV: 20    Int: 25    God:    Dithmenos [***...]
Gold:   544        SH:  0    Dex: 17    Spells: 4 memorised, 9 levels left

rFire  . . .     SeeInvis +     u - +1 arbalest of the Shoals {penet, Int+10}
rCold  . . .     Clarity  .     (shield currently unavailable)
rNeg   . . .     SustAt   .     (helmet restricted)
rPois  .         Gourm    +     M - amulet of the gourmand
rElec  .         Spirit   .     y - ring of see invisible
rCorr  .         Dismiss  .     B - ring of magical power
rMut   .         Stasis   .     (no ring)
MR     .....                    (no ring)
Stlth  +++++.....               (no ring)
                                (no ring)
                                (no ring)
                                (no ring)

@: very slightly contaminated, wreathed by umbra, not resistant to hostile
enchantments, quite stealthy
A: almost no armour, amphibious, 8 rings, constrict 8, camouflage 1, gelatinous
body 1
a: Shadow Step, Renounce Religion


You were on level 10 of the Dungeon.
You worshipped Dithmenos.
Dithmenos was most pleased with you.
You were very full.

You visited 2 branches of the dungeon, and saw 11 of its levels.

You collected 544 gold pieces.

Inventory:

Hand Weapons
 u - the +1 arbalest of the Shoals (weapon) {penet, Int+10}
   (You found it on level 6 of the Dungeon)

   Ammo fired by it will pass through the targets it hits, potentially hitting
   all targets in its path until it reaches maximum range.
   It affects your intelligence (+10).
 E - a +0 shortbow of evasion
Missiles
 a - 184 arrows
 C - 27 poisoned needles
 F - 11 bolts (quivered)
 G - 8 needles of confusion
 H - 2 arrows of frost
Jewellery
 y - a ring of see invisible (left tentacle)
 B - a ring of magical power (right tentacle)
 L - an uncursed ring of protection from magic {unknown}
 M - an amulet of the gourmand (around mantle)
Wands
 s - a wand of teleportation (3)
 K - a wand of polymorph (8)
Scrolls
 d - 2 scrolls of amnesia {unknown}
 e - 5 scrolls of identify
 g - 2 scrolls of noise {unknown}
 i - a scroll of enchant armour {unknown}
 j - 4 scrolls of remove curse
 k - 2 scrolls of blinking {unknown}
 l - a scroll of immolation {unknown}
 m - 2 scrolls of random uselessness {unknown}
 n - 2 scrolls of recharging {unknown}
 q - 3 scrolls of teleportation
 w - 2 scrolls of enchant weapon {unknown}
 x - 2 scrolls of fear {unknown}
 I - a scroll of fog {unknown}
 N - a scroll of silence {unknown}
Potions
 o - 2 potions of resistance
 p - 4 potions of curing
 r - 2 potions of berserk rage
 t - a potion of haste
 v - a potion of invisibility
 J - a potion of heal wounds
Books
 b - a book of Changes

   Spells                             Type                      Level
   a - Beastly Appendage              Transmutation                1
   b - Sticks to Snakes               Transmutation                2
   c - Spider Form                    Transmutation/Poison         3
   d - Ice Form                       Ice/Transmutation            4
   e - Blade Hands                    Transmutation                5
Comestibles
 c - 6 bread rations
 f - 5 meat rations
 h - 2 fruits
 z - 2 royal jellies
 A - 4 beef jerkies
 D - a slice of pizza


   Skills:
 - Level 1.0 Fighting
 * Level 10.7 Dodging
 + Level 3.7 Stealth
 * Level 10.0 Unarmed Combat
 + Level 4.8 Spellcasting
 + Level 7.0 Transmutations


You had 9 spell levels left.
You knew the following spells:

 Your Spells              Type           Power        Failure   Level  Hunger
a - Beastly Appendage     Trmt           #####.       1%          1    None
b - Sticks to Snakes      Trmt           #####...     1%          2    None
c - Spider Form           Trmt/Pois      ###.......   8%          3    ##.....
d - Ice Form              Ice/Trmt       ###.....     21%         4    ####...


Dungeon Overview and Level Annotations

Branches:
Dungeon (10/15)            Temple (1/1) D:4
   Lair: D:8-11         Orc: D:9-12

Altars:
Ashenzari
Cheibriados
Dithmenos
Elyvilon
Fedhas
Gozag
Makhleb
Nemelex Xobeh
Pakellas
Qazlal
Ru
Vehumet
Zin

Shops:
D:7 [=[

Annotations:
D:10 ordcoder's ghost, journeyman OpIE


Innate Abilities, Weirdness & Mutations

You cannot wear most types of armour.
You are amphibious.
You can wear up to eight rings at the same time.
You can use your tentacles to constrict eight enemies at once.
Your skin changes colour to match your surroundings (Stealth).
Your rubbery body absorbs attacks (AC +1).


Message History

Ordcoder's ghost hits you.
You barely miss ordcoder's ghost.
Ordcoder's ghost is moderately damaged.
Ordcoder's ghost completely misses you.
An orc wizard comes into view. It is wielding a dagger of speed.
Ordcoder's ghost stares at you and mumbles some strange words.
The puff of frost hits you! You resist.
Ordcoder's ghost stares at you and mumbles some strange words.
The fireball explodes!
The fireball engulfs you! The fire burns you terribly!
Ouch! That really hurt!
You emit a cloud of dark smoke.
You hear a shout! x3
You warm up again.
The +1 arbalest of the Shoals {penet, Int+10} unmelds from your body.
Your tentacles briefly pass through it before you manage to get a firm grip on it.
The orc priest casts a cantrip, but nothing happens.
Ordcoder's ghost casts a spell at you. The shard of ice hits you!
Ouch! That really hurt!
You die...

#......# .... #......# ...
############..##############.#
#...##....##..####..o##..#...##
#..)..<...'.........§§o§.W....#
#.....)...#.......Wo§§§§§#....#
#######)[.###.##..#####o§##..##
#...###..)###(##..##.##..##.o##.
#....#.[....)..@..#...........o.
#....#...![[).....#........o.o#.
#....#......[.....'...........#
#....##....##..##.####..###..##
##'####.<.)##..#######..###..##
#.....#.....#...........#....C.
#...[.#.....'...........#.......
#'#####.##.###.###########.o##.#
#.)<###)##.###.###.......#..##.#


You could see an orc warrior, an orc priest and ordcoder's ghost.

Vanquished Creatures
  An unseen horror (D:10)
  A hill giant (D:10)
  A centaur skeleton (D:10)
  A two-headed ogre (D:8)
  Sigmund (D:6)
  2 deep elf magi
  9 yaks
  5 ogres
  An ice beast (D:10)
  3 sky beasts
  2 black bears
  An orc warrior (D:9)
  2 phantoms (D:5)
  4 centaurs
  A crocodile (D:10)
  Blork the orc (D:6)
  A big kobold (D:8)
  A gnoll sergeant (D:6)
  4 giant frogs
  3 scorpions
  4 crimson imps
  2 centaur zombies
  A giant frog zombie (D:6)
  5 hounds
  10 orc wizards
  5 orc priests
  A jelly (D:4)
  A giant frog skeleton (D:5)
  3 lava snakes (D:9)
  8 worker ants
  Jessica (D:2)
  An iguana (D:5)
  2 killer bee zombies
  4 hound skeletons
  A hound zombie (D:8)
  A worker ant zombie (D:9)
  7 adders
  7 gnolls
  3 adder zombies
  6 worms
  2 giant geckos
  46 orcs
  2 ball pythons
  A giant cockroach (D:3)
  6 hobgoblins
  17 jackals
  11 kobolds
  4 quokkas
  7 bats
  A giant gecko zombie (D:6)
  8 giant newts
  6 goblins
  2 quokka skeletons
  9 rats
240 creatures vanquished.

Notes
Turn   | Place    | Note
--------------------------------------------------------------
     0 | D:1      | AnCiEnTIStOnEIBeAsT the Octopode Transmuter began the quest for the Orb.
     0 | D:1      | Reached XP level 1. HP: 13/13 MP: 3/3
   324 | D:1      | Reached XP level 2. HP: 18/18 MP: 5/5
   331 | D:1      | Learned a level 2 spell: Sticks to Snakes
   842 | D:2      | Reached XP level 3. HP: 16/23 MP: 4/6
   858 | D:2      | Learned a level 3 spell: Spider Form
  1277 | D:2      | Noticed Jessica
  1292 | D:2      | Killed Jessica
  1292 | D:2      | Reached XP level 4. HP: 28/28 MP: 7/7
  2061 | D:3      | Reached XP level 5. HP: 8/33 MP: 5/8
  2478 | D:3      | Reached skill level 4 in Unarmed Combat
  2556 | D:4      | Found a staircase to the Ecumenical Temple.
  2619 | Temple   | Entered the Ecumenical Temple
  2629 | Temple   | Became a worshipper of Dithmenos the Shadowed
  2971 | D:4      | Found a radiant altar of Vehumet.
  3066 | D:4      | Found a glowing silver altar of Zin.
  3069 | D:4      | Found a white marble altar of Elyvilon.
  3127 | D:4      | Reached XP level 6. HP: 31/38 MP: 5/10
  3171 | D:4      | Learned a level 4 spell: Ice Form
  3540 | D:5      | Entered Level 5 of the Dungeon
  3578 | D:5      | Reached * piety under Dithmenos
  3804 | D:5      | Reached XP level 7. HP: 27/43 MP: 5/11
  3810 | D:5      | Reached skill level 5 in Dodging
  3990 | D:5      | Found an opulent altar of Gozag.
  4078 | D:5      | Reached skill level 1 in Stealth
  4078 | D:5      | Reached skill level 5 in Unarmed Combat
  4877 | D:5      | Reached XP level 8. HP: 48/48 MP: 12/12
  5049 | D:5      | Reached skill level 6 in Unarmed Combat
  5277 | D:6      | Noticed Sigmund
  5451 | D:6      | Noticed Blork the orc
  5470 | D:6      | Killed Blork the orc
  5474 | D:6      | Reached skill level 7 in Dodging
  5546 | D:6      | Killed Sigmund
  5546 | D:6      | Reached skill level 5 in Transmutations
  5591 | D:6      | Reached XP level 9. HP: 33/53 MP: 13/13
  5815 | D:6      | Got an ichor-stained arbalest
  5816 | D:6      | Identified the cursed +1 arbalest of the Shoals {penet, Int+10} (You found it on level 6 of the Dungeon)
  6037 | D:6      | Found a sparkling altar of Nemelex Xobeh.
  6068 | D:6      | Reached ** piety under Dithmenos
  6295 | D:6      | Found a burning altar of Makhleb.
  6295 | D:6      | Noticed a blizzard demon
  6359 | D:6      | Found an opulent altar of Gozag.
  6390 | D:6      | Reached skill level 8 in Dodging
  6571 | D:7      | Found Muihank's Antique Armour Boutique.
  6794 | D:7      | Found Zidixore's Antique Armour Emporium.
  6944 | D:7      | You fall through a shaft!
  7016 | D:8      | Found a stormy altar of Qazlal.
  7118 | D:7      | Found Besereh's Jewellery Shoppe.
  7828 | D:8      | Found an oddly glowing altar of Pakellas.
  7830 | D:8      | Found a blossoming altar of Fedhas.
  8038 | D:9      | Reached XP level 10. HP: 58/58 MP: 15/15
  8194 | D:9      | Reached skill level 9 in Dodging
  8648 | D:9      | Found a glowing silver altar of Zin.
  9008 | D:10     | Entered Level 10 of the Dungeon
  9065 | D:10     | Reached *** piety under Dithmenos
  9276 | D:10     | Reached skill level 10 in Dodging
 10070 | D:10     | Noticed an unseen horror
 10074 | D:10     | Noticed a hill giant
 10079 | D:10     | Killed an unseen horror
 10079 | D:10     | Reached XP level 11. HP: 59/63 MP: 18/18
 10105 | D:10     | Killed a hill giant
 10105 | D:10     | Reached skill level 10 in Unarmed Combat
 10224 | D:10     | Noticed ordcoder's ghost (journeyman OpIE)
 10240 | D:10     | Killed from afar by ordcoder's ghost

Vault maps used:
D:1:      evilmike_arrival_crescent, serial_glass, glass_columns_a,
          glass_columns_a, glass_columns_c, glass_columns_a, glass_columns_b,
          glass_columns_b, glass_columns_c, glass_columns_c, glass_columns_a,
          glass_columns_a, glass_columns_a, glass_columns_a, glass_columns_b,
          glass_columns_b, minmay_misc_feat_hallway, serial_park_tiny_2,
          hangedman_decor_clover_reticule
D:2:      uniq_jessica
D:4:      vehumet_altar_wand_db, nicolae_overflow_hidden_temple, temple_pool_b
D:5:      first_bread, nicolae_gozag_seed_capital
D:6:      kennysheep_mini_moat, marbit_many_paths, dk_noncrumbling_4,
          makhleb_altar_promises_db, uniq_sigmund, uniq_blork_the_orc
D:7:      serial_shops, shop_statue, shop, shop
D:8:      minitemple, grunt_livestock, minmay_strange_pillars,
          small_statue_intersection
D:9:      basic_altar, minmay_variable_closet
D:10:     minmay_lair_entry_lava, special_room
Temple:   circular_temple_pool_12

Action                   |  1- 3 |  4- 6 |  7- 9 | 10-12 || total
-------------------------+-------+-------+-------+-------++-------
Melee: Unarmed           |    45 |    84 |   303 |   219 ||   651
       Shortbow          |       |       |       |     1 ||     1
 Fire: Hunting sling     |     4 |   148 |    64 |       ||   216
       Shortbow          |       |       |    45 |    44 ||    89
       Arbalest          |       |       |     2 |       ||     2
 Cast: Beastly Appendage |     2 |       |       |       ||     2
       Spider Form       |       |    14 |    52 |    34 ||   100
       Ice Form          |       |       |       |     1 ||     1
 Abil: End Transformatio |       |       |       |     1 ||     1
  Use: Scroll            |       |       |    10 |     1 ||    11
 Stab: Sleeping          |     4 |       |     5 |       ||     9
  Eat: Chunk             |     1 |    10 |    21 |    25 ||    57
